[ AOE2 MATCH · #462147887 ]
UnrankedCelts vs Slavs
[ REPLAY ANALYSIS · EXTRACTED FROM THE RECORDED GAME ]
Feudal
—
Castle
—
Imperial
—
| APM avg | 11.6 |
| APM peak | 72 |
| eAPM avg | 11.2 |
| Villagers / military | 400 / 462 |
Focus
⚔️ 37.4% · 🌾 62.6%
Woad Raider ×262 · Mangonel ×145 · Trade Cart ×90 · Scorpion ×55
Feudal
—
Castle
—
Imperial
—
| APM avg | 64.1 |
| APM peak | 411 |
| eAPM avg | 62.8 |
| Villagers / military | 465 / 2465 |
Focus
⚔️ 56.1% · 🌾 43.9%
Boyar ×1650 · Spearman ×550 · Scorpion ×205 · Trade Cart ×140 · Mangonel ×60
Feudal
—
Castle
—
Imperial
—
| APM avg | 53.4 |
| APM peak | 119 |
| eAPM avg | 46.0 |
| Villagers / military | 405 / 1316 |
Focus
⚔️ 53.2% · 🌾 46.8%
Konnik ×1124 · Scorpion ×185 · Trade Cart ×165 · Battering Ram ×7
Feudal
—
Castle
—
Imperial
—
| APM avg | 34.5 |
| APM peak | 104 |
| eAPM avg | 28.4 |
| Villagers / military | 367 / 955 |
Focus
⚔️ 37.5% · 🌾 62.5%
Janissary ×255 · Scorpion ×235 · Bombard Cannon ×190 · Hand Cannoneer ×175 · Trade Cart ×119 · Camel Scout ×70
Feudal
—
Castle
—
Imperial
—
| APM avg | 38.5 |
| APM peak | 158 |
| eAPM avg | 29.8 |
| Villagers / military | 413 / 850 |
Focus
⚔️ 27.2% · 🌾 72.8%
Mangonel ×395 · Scorpion ×375 · Trade Cart ×80 · Battering Ram ×80
Feudal
—
Castle
—
Imperial
—
| APM avg | 30.2 |
| APM peak | 90 |
| eAPM avg | 27.6 |
| Villagers / military | 244 / 2817 |
Focus
⚔️ 68.7% · 🌾 31.3%
Leitis ×1198 · Scout Cavalry ×841 · Knight ×754 · Trade Cart ×70 · Bombard Cannon ×20 · Monk ×4
Feudal
—
Castle
—
Imperial
—
| APM avg | 63.1 |
| APM peak | 563 |
| eAPM avg | 62.6 |
| Villagers / military | 365 / 3054 |
Focus
⚔️ 51.8% · 🌾 48.2%
Battle Elephant ×2206 · Scout Cavalry ×793 · Trade Cart ×130 · Scorpion ×55
Feudal
—
Castle
—
Imperial
—
| APM avg | 61.9 |
| APM peak | 147 |
| eAPM avg | 60.3 |
| Villagers / military | 327 / 1420 |
Focus
⚔️ 70.5% · 🌾 29.5%
Battle Elephant ×717 · Bombard Cannon ×346 · Cavalry Archer ×315 · Trade Cart ×87 · Rattan Archer ×22 · Battering Ram ×20
Match map
Resources at game start + every placement click. Thick line = wall · dashed box = detected house wall. 🟡 gold · ⚪ stone · 🟢 berries · 🔶 boar · ⭕ relic
Inputs per minute
— IsaacNewton - - mark.adverai
Build order — IsaacNewton
First 150 of 395 actions detected
| 0:36 | Build | Market |
| 0:38 | Build | Market |
| 0:40 | Build | Market |
| 0:42 | Build | Market |
| 0:58 | Build | House |
| 1:00 | Build | House |
| 1:01 | Build | House |
| 1:04 | Build | House |
| 1:05 | Build | House |
| 1:08 | Build | House |
| 1:10 | Build | House |
| 1:19 | Build | Town Center |
| 1:22 | Build | Town Center |
| 1:30 | Build | Town Center |
| 1:35 | Create | Villager (Male) ×5 |
| 1:35 | Create | Villager (Male) ×5 |
| 1:35 | Create | Villager (Male) ×5 |
| 1:36 | Create | Villager (Male) ×5 |
| 1:36 | Create | Villager (Male) ×5 |
| 1:49 | Build | Town Center |
| 1:53 | Build | Town Center |
| 1:55 | Build | Town Center |
| 2:00 | Create | Villager (Male) ×5 |
| 2:00 | Create | Villager (Male) ×5 |
| 2:00 | Create | Villager (Male) ×5 |
| 2:00 | Create | Villager (Male) ×5 |
| 2:01 | Create | Villager (Male) ×5 |
| 2:15 | Build | Mining Camp |
| 2:17 | Build | Mining Camp |
| 2:24 | Build | Mining Camp |
| 2:30 | Build | Mining Camp |
| 2:31 | Build | Mining Camp |
| 2:35 | Build | Mining Camp |
| 2:40 | Create | Villager (Male) ×5 |
| 2:41 | Create | Villager (Male) ×5 |
| 2:41 | Create | Villager (Male) ×5 |
| 2:41 | Create | Villager (Male) ×5 |
| 2:41 | Create | Villager (Male) ×5 |
| 2:46 | Create | Villager (Male) ×5 |
| 2:47 | Create | Villager (Male) ×5 |
| 2:47 | Create | Villager (Male) ×5 |
| 2:47 | Create | Villager (Male) ×5 |
| 2:52 | Create | Villager (Male) ×3 |
| 2:52 | Create | Villager (Male) |
| 3:05 | Build | House |
| 3:06 | Build | House |
| 3:07 | Build | House |
| 3:08 | Build | House |
| 3:09 | Build | House |
| 3:10 | Build | House |
| 3:13 | Build | House |
| 3:14 | Build | House |
| 3:15 | Build | House |
| 3:16 | Build | House |
| 3:17 | Build | House |
| 3:18 | Build | House |
| 3:21 | Build | House |
| 3:22 | Build | House |
| 3:31 | Build | House |
| 3:32 | Build | House |
| 3:33 | Build | House |
| 3:35 | Build | House |
| 3:36 | Build | House |
| 3:37 | Build | House |
| 3:41 | Build | House |
| 3:43 | Build | House |
| 3:46 | Build | House |
| 3:48 | Build | House |
| 3:53 | Build | House |
| 3:53 | Build | House |
| 3:55 | Build | House |
| 3:57 | Build | House |
| 3:58 | Build | House |
| 3:59 | Build | House |
| 4:00 | Build | House |
| 4:01 | Build | House |
| 4:02 | Build | House |
| 4:03 | Build | House |
| 4:05 | Build | House |
| 4:09 | Create | Villager (Male) ×5 |
| 4:09 | Create | Villager (Male) ×5 |
| 4:10 | Create | Villager (Male) ×5 |
| 4:11 | Create | Villager (Male) ×3 |
| 4:11 | Create | Villager (Male) ×3 |
| 4:11 | Create | Villager (Male) ×3 |
| 4:12 | Create | Villager (Male) |
| 4:12 | Create | Villager (Male) ×3 |
| 4:12 | Create | Villager (Male) ×2 |
| 4:13 | Create | Villager (Male) ×2 |
| 4:14 | Create | Villager (Male) ×5 |
| 4:14 | Create | Villager (Male) ×5 |
| 4:14 | Create | Villager (Male) ×5 |
| 4:14 | Create | Villager (Male) ×5 |
| 4:15 | Create | Villager (Male) ×5 |
| 4:19 | Create | Villager (Male) ×5 |
| 4:19 | Create | Villager (Male) ×5 |
| 4:19 | Create | Villager (Male) ×5 |
| 4:19 | Create | Villager (Male) ×5 |
| 4:28 | Build | Lumber Camp |
| 4:54 | Build | Stone Wall |
| 5:01 | Build | Building 487 |
| 5:04 | Build | Building 487 |
| 5:06 | Build | Building 487 |
| 5:09 | Build | Building 487 |
| 5:14 | Build | Building 487 |
| 5:24 | Create | Villager (Male) ×5 |
| 5:24 | Create | Villager (Male) ×5 |
| 5:25 | Create | Villager (Male) ×5 |
| 5:25 | Create | Villager (Male) ×5 |
| 5:25 | Create | Villager (Male) ×5 |
| 5:25 | Create | Villager (Male) ×5 |
| 5:33 | Build | Farm |
| 5:35 | Build | Farm |
| 5:39 | Build | Farm |
| 5:48 | Build | Farm |
| 5:52 | Build | Farm |
| 5:53 | Build | Farm |
| 5:59 | Create | Villager (Male) ×5 |
| 6:00 | Create | Villager (Male) ×5 |
| 6:00 | Create | Villager (Male) ×2 |
| 6:06 | Create | Villager (Male) ×4 |
| 6:06 | Create | Villager (Male) ×4 |
| 6:07 | Create | Villager (Male) ×4 |
| 6:07 | Create | Villager (Male) ×4 |
| 6:22 | Build | Siege Workshop |
| 6:28 | Build | Siege Workshop |
| 6:29 | Build | Siege Workshop |
| 6:31 | Build | Siege Workshop |
| 6:33 | Build | Siege Workshop |
| 6:36 | Build | Siege Workshop |
| 6:40 | Build | Siege Workshop |
| 6:44 | Build | Siege Workshop |
| 6:47 | Build | Siege Workshop |
| 6:50 | Build | Siege Workshop |
| 6:53 | Build | Siege Workshop |
| 6:55 | Build | Siege Workshop |
| 7:05 | Create | Trade Cart ×5 |
| 7:05 | Create | Trade Cart ×5 |
| 7:06 | Create | Trade Cart ×5 |
| 7:06 | Create | Trade Cart ×5 |
| 7:06 | Create | Trade Cart ×5 |
| 7:06 | Create | Trade Cart ×5 |
| 7:07 | Create | Trade Cart ×5 |
| 7:07 | Create | Trade Cart ×5 |
| 7:07 | Create | Trade Cart ×5 |
| 7:08 | Create | Trade Cart ×5 |
| 7:08 | Create | Trade Cart ×5 |
| 7:08 | Create | Trade Cart ×5 |
| 7:08 | Create | Trade Cart ×5 |
| 7:46 | Build | Stone Wall |
Build order — mark.adverai
First 150 of 1104 actions detected
| 0:05 | Build | Town Center |
| 0:07 | Build | Town Center |
| 0:08 | Build | Town Center |
| 0:08 | Build | Town Center |
| 0:09 | Build | Town Center |
| 0:09 | Build | Town Center |
| 0:09 | Build | Town Center |
| 0:10 | Build | Town Center |
| 0:10 | Build | Town Center |
| 0:10 | Build | Town Center |
| 0:11 | Build | Town Center |
| 0:11 | Build | Town Center |
| 0:11 | Build | Town Center |
| 0:12 | Build | Town Center |
| 0:12 | Build | Town Center |
| 0:12 | Build | Town Center |
| 0:12 | Build | Town Center |
| 0:13 | Build | Town Center |
| 0:17 | Build | House |
| 0:20 | Build | House |
| 0:20 | Build | House |
| 0:20 | Build | House |
| 0:20 | Build | House |
| 0:21 | Build | House |
| 0:21 | Build | House |
| 0:22 | Build | House |
| 0:22 | Build | House |
| 0:22 | Build | House |
| 0:23 | Build | House |
| 0:23 | Build | House |
| 0:24 | Build | House |
| 0:24 | Build | House |
| 0:24 | Build | House |
| 0:29 | Build | House |
| 0:30 | Build | House |
| 0:30 | Build | House |
| 0:30 | Build | House |
| 0:35 | Build | Town Center |
| 0:35 | Build | Town Center |
| 0:36 | Build | Town Center |
| 0:37 | Build | Town Center |
| 0:41 | Build | Town Center |
| 0:41 | Build | Town Center |
| 0:41 | Build | Town Center |
| 0:44 | Build | Town Center |
| 0:44 | Build | Town Center |
| 0:44 | Build | Town Center |
| 0:47 | Create | Villager (Male) ×5 |
| 0:52 | Create | Villager (Male) ×5 |
| 0:52 | Create | Villager (Male) ×5 |
| 0:57 | Build | Town Center |
| 0:59 | Build | Town Center |
| 0:59 | Build | Town Center |
| 1:00 | Build | Town Center |
| 1:00 | Build | Town Center |
| 1:00 | Build | Town Center |
| 1:04 | Create | Villager (Male) ×5 |
| 1:05 | Create | Villager (Male) ×5 |
| 1:26 | Create | Villager (Male) ×5 |
| 1:27 | Create | Villager (Male) ×5 |
| 1:33 | Create | Villager (Male) ×5 |
| 1:33 | Create | Villager (Male) ×5 |
| 1:44 | Create | Villager (Male) ×5 |
| 1:44 | Create | Villager (Male) ×5 |
| 1:54 | Build | Market |
| 1:57 | Build | Market |
| 2:17 | Create | Villager (Male) ×5 |
| 2:17 | Create | Villager (Male) ×5 |
| 2:18 | Create | Villager (Male) ×5 |
| 2:31 | Create | Villager (Male) ×5 |
| 2:31 | Create | Villager (Male) ×5 |
| 2:34 | Build | Town Center |
| 2:36 | Build | Town Center |
| 2:36 | Build | Town Center |
| 2:37 | Build | Town Center |
| 2:37 | Build | Town Center |
| 2:37 | Build | Town Center |
| 2:37 | Build | Town Center |
| 2:38 | Build | Town Center |
| 2:38 | Build | Town Center |
| 2:38 | Build | Town Center |
| 2:39 | Build | Town Center |
| 2:44 | Create | Villager (Male) ×5 |
| 2:44 | Create | Villager (Male) ×5 |
| 2:46 | Build | Town Center |
| 3:03 | Build | House |
| 3:07 | Build | Town Center |
| 3:07 | Build | Town Center |
| 3:08 | Build | Town Center |
| 3:08 | Build | Town Center |
| 3:09 | Build | Town Center |
| 3:10 | Build | Town Center |
| 3:13 | Create | Villager (Male) ×5 |
| 3:17 | Build | Town Center |
| 3:18 | Build | Town Center |
| 3:18 | Build | Town Center |
| 3:19 | Build | Town Center |
| 3:20 | Build | Town Center |
| 3:20 | Build | Town Center |
| 3:23 | Create | Villager (Male) ×5 |
| 3:24 | Create | Villager (Male) ×5 |
| 3:40 | Create | Villager (Male) ×5 |
| 3:41 | Create | Villager (Male) ×5 |
| 3:41 | Create | Villager (Male) ×5 |
| 3:41 | Create | Villager (Male) ×5 |
| 3:42 | Create | Villager (Male) ×5 |
| 3:42 | Create | Villager (Male) ×5 |
| 3:47 | Create | Villager (Male) ×5 |
| 3:48 | Create | Villager (Male) ×5 |
| 3:48 | Create | Villager (Male) ×5 |
| 3:48 | Create | Villager (Male) ×5 |
| 3:49 | Create | Villager (Male) ×5 |
| 3:49 | Create | Villager (Male) ×5 |
| 3:54 | Create | Villager (Male) ×5 |
| 3:54 | Create | Villager (Male) ×5 |
| 3:57 | Build | Lumber Camp |
| 3:59 | Build | Lumber Camp |
| 4:01 | Build | Lumber Camp |
| 4:01 | Build | Lumber Camp |
| 4:01 | Build | Lumber Camp |
| 4:05 | Build | Lumber Camp |
| 4:07 | Build | Lumber Camp |
| 4:07 | Build | Lumber Camp |
| 4:07 | Build | Lumber Camp |
| 4:08 | Build | Lumber Camp |
| 4:08 | Build | Lumber Camp |
| 4:12 | Build | Lumber Camp |
| 4:14 | Build | Lumber Camp |
| 4:14 | Build | Lumber Camp |
| 4:16 | Create | Villager (Male) ×5 |
| 4:17 | Create | Villager (Male) ×5 |
| 4:17 | Create | Villager (Male) ×5 |
| 4:17 | Create | Villager (Male) ×5 |
| 4:17 | Create | Villager (Male) ×5 |
| 4:22 | Build | Lumber Camp |
| 4:32 | Create | Villager (Male) ×5 |
| 4:32 | Create | Villager (Male) ×5 |
| 4:33 | Create | Villager (Male) ×5 |
| 4:33 | Create | Villager (Male) ×5 |
| 4:38 | Build | Lumber Camp |
| 4:39 | Build | Lumber Camp |
| 4:39 | Build | Lumber Camp |
| 4:40 | Build | Lumber Camp |
| 4:48 | Create | Villager (Male) ×5 |
| 4:48 | Create | Villager (Male) ×5 |
| 4:49 | Create | Villager (Male) ×5 |
| 4:50 | Create | Villager (Male) ×5 |
| 5:00 | Build | Mill |
| 5:01 | Build | Farm |
| 5:01 | Build | Farm |
Build order — Fosfor
First 150 of 765 actions detected
| 0:04 | Build | Town Center |
| 0:05 | Build | Town Center |
| 0:07 | Build | Town Center |
| 0:08 | Build | Town Center |
| 0:10 | Build | Town Center |
| 0:11 | Build | Town Center |
| 0:12 | Build | Town Center |
| 0:15 | Build | Town Center |
| 0:16 | Build | Town Center |
| 0:17 | Create | Villager (Male) |
| 0:18 | Create | Villager (Male) |
| 0:18 | Create | Villager (Male) |
| 0:20 | Build | Town Center |
| 0:20 | Build | Town Center |
| 0:22 | Build | Town Center |
| 0:23 | Build | Town Center |
| 0:24 | Build | Town Center |
| 0:24 | Build | Town Center |
| 0:25 | Build | Town Center |
| 0:31 | Build | Town Center |
| 0:32 | Build | Town Center |
| 0:32 | Build | Town Center |
| 0:33 | Build | Town Center |
| 0:33 | Build | Town Center |
| 0:33 | Build | Town Center |
| 0:34 | Build | Town Center |
| 0:34 | Build | Town Center |
| 0:38 | Build | Town Center |
| 0:38 | Build | Town Center |
| 0:39 | Build | Town Center |
| 0:40 | Build | Town Center |
| 0:43 | Build | Town Center |
| 0:43 | Build | Town Center |
| 0:44 | Build | Town Center |
| 0:44 | Build | Town Center |
| 0:44 | Build | Town Center |
| 0:49 | Create | Villager (Male) ×5 |
| 0:50 | Create | Villager (Male) ×5 |
| 0:50 | Create | Villager (Male) ×3 |
| 0:52 | Build | Town Center |
| 0:53 | Build | Town Center |
| 0:53 | Build | Town Center |
| 0:53 | Build | Town Center |
| 0:55 | Build | Town Center |
| 0:55 | Build | Town Center |
| 0:56 | Build | Town Center |
| 0:56 | Build | Town Center |
| 0:56 | Build | Town Center |
| 0:57 | Build | Town Center |
| 1:00 | Build | Town Center |
| 1:00 | Build | Town Center |
| 1:01 | Build | Town Center |
| 1:02 | Build | Town Center |
| 1:17 | Create | Villager (Male) ×5 |
| 1:26 | Create | Villager (Male) |
| 1:26 | Create | Villager (Male) |
| 1:26 | Create | Villager (Male) |
| 1:27 | Create | Villager (Male) |
| 1:27 | Create | Villager (Male) |
| 1:41 | Create | Villager (Male) |
| 1:41 | Create | Villager (Male) |
| 1:41 | Create | Villager (Male) |
| 1:42 | Create | Villager (Male) |
| 1:42 | Create | Villager (Male) |
| 1:43 | Create | Villager (Male) |
| 1:43 | Create | Villager (Male) |
| 1:43 | Create | Villager (Male) |
| 2:00 | Create | Villager (Male) ×5 |
| 2:01 | Create | Villager (Male) ×5 |
| 2:13 | Create | Villager (Male) ×5 |
| 2:14 | Create | Villager (Male) ×5 |
| 2:43 | Create | Villager (Male) ×5 |
| 2:44 | Create | Villager (Male) ×5 |
| 2:44 | Create | Villager (Male) ×5 |
| 2:44 | Create | Villager (Male) ×5 |
| 2:45 | Create | Villager (Male) ×5 |
| 2:45 | Create | Villager (Male) ×5 |
| 2:45 | Create | Villager (Male) ×5 |
| 2:52 | Create | Villager (Male) ×5 |
| 2:52 | Create | Villager (Male) ×5 |
| 2:53 | Create | Villager (Male) ×5 |
| 3:14 | Create | Villager (Male) ×5 |
| 3:15 | Create | Villager (Male) ×5 |
| 3:19 | Build | Mining Camp |
| 3:21 | Build | Lumber Camp |
| 3:24 | Create | Villager (Male) ×5 |
| 3:25 | Create | Villager (Male) ×5 |
| 3:25 | Create | Villager (Male) ×5 |
| 3:29 | Build | Town Center |
| 3:38 | Create | Villager (Male) ×5 |
| 3:39 | Create | Villager (Male) ×5 |
| 3:39 | Create | Villager (Male) ×5 |
| 3:40 | Create | Villager (Male) ×5 |
| 3:44 | Build | Lumber Camp |
| 3:49 | Create | Villager (Male) ×5 |
| 3:55 | Create | Villager (Male) ×5 |
| 3:57 | Create | Villager (Male) ×5 |
| 4:18 | Create | Villager (Male) ×5 |
| 4:18 | Create | Villager (Male) ×5 |
| 4:19 | Create | Villager (Male) ×5 |
| 4:19 | Create | Villager (Male) ×5 |
| 4:19 | Create | Villager (Male) ×5 |
| 4:19 | Create | Villager (Male) ×5 |
| 4:19 | Create | Villager (Male) ×5 |
| 4:19 | Create | Villager (Male) ×5 |
| 4:20 | Create | Villager (Male) ×5 |
| 4:20 | Create | Villager (Male) ×5 |
| 4:20 | Create | Villager (Male) ×5 |
| 4:20 | Create | Villager (Male) ×5 |
| 4:20 | Create | Villager (Male) |
| 4:24 | Build | Market |
| 4:25 | Build | Market |
| 4:32 | Build | Market |
| 4:33 | Build | Market |
| 4:33 | Build | Market |
| 4:33 | Build | Market |
| 4:34 | Build | Market |
| 4:34 | Build | Market |
| 4:34 | Build | Market |
| 4:35 | Build | Market |
| 4:35 | Build | Market |
| 4:37 | Build | Market |
| 4:37 | Build | Market |
| 4:38 | Build | Market |
| 4:38 | Build | Market |
| 4:38 | Build | Market |
| 4:39 | Build | Market |
| 4:41 | Build | Market |
| 4:41 | Build | Market |
| 4:41 | Build | Market |
| 4:42 | Build | Market |
| 4:42 | Build | Market |
| 4:43 | Build | Market |
| 4:44 | Build | Market |
| 4:44 | Build | Market |
| 4:46 | Build | Market |
| 4:47 | Build | Market |
| 4:47 | Build | Market |
| 4:47 | Build | Market |
| 4:47 | Build | Market |
| 4:48 | Build | Market |
| 4:49 | Build | Market |
| 4:50 | Build | Market |
| 4:51 | Build | Market |
| 4:55 | Build | Lumber Camp |
| 5:00 | Build | Lumber Camp |
| 5:05 | Build | House |
| 5:08 | Build | House |
| 5:08 | Build | House |
| 5:08 | Build | House |
Build order — rabuegia
First 150 of 755 actions detected
| 0:02 | Build | Market |
| 0:07 | Create | Villager (Male) ×5 |
| 0:08 | Create | Villager (Male) ×5 |
| 0:08 | Create | Villager (Male) ×5 |
| 0:19 | Build | Town Center |
| 0:20 | Build | Town Center |
| 0:21 | Build | Town Center |
| 0:23 | Build | Town Center |
| 0:24 | Build | Town Center |
| 0:25 | Build | Town Center |
| 0:27 | Build | Town Center |
| 0:28 | Build | Town Center |
| 0:30 | Build | Town Center |
| 0:38 | Build | Market |
| 0:40 | Build | Market |
| 0:51 | Build | Town Center |
| 0:52 | Build | Town Center |
| 0:54 | Build | Town Center |
| 0:56 | Build | Town Center |
| 0:57 | Build | Town Center |
| 0:58 | Build | Town Center |
| 1:00 | Build | Town Center |
| 1:05 | Build | Town Center |
| 1:07 | Build | Town Center |
| 1:08 | Build | Town Center |
| 1:10 | Build | Town Center |
| 1:11 | Build | Town Center |
| 1:12 | Build | Town Center |
| 1:14 | Build | Town Center |
| 1:15 | Build | Town Center |
| 1:23 | Create | Villager (Male) ×5 |
| 1:23 | Create | Villager (Male) ×5 |
| 1:23 | Create | Villager (Male) ×5 |
| 1:24 | Create | Villager (Male) ×5 |
| 1:28 | Build | House |
| 1:28 | Build | House |
| 1:28 | Build | House |
| 1:29 | Build | House |
| 1:29 | Build | House |
| 1:30 | Build | House |
| 1:30 | Build | House |
| 1:30 | Build | House |
| 1:31 | Build | House |
| 1:32 | Build | House |
| 1:32 | Build | House |
| 1:33 | Build | House |
| 1:33 | Build | House |
| 1:34 | Build | House |
| 1:34 | Build | House |
| 1:34 | Build | House |
| 1:36 | Build | House |
| 1:36 | Build | House |
| 1:36 | Build | House |
| 1:37 | Build | House |
| 1:38 | Build | House |
| 1:38 | Build | House |
| 1:39 | Build | House |
| 1:42 | Create | Villager (Male) ×5 |
| 1:42 | Create | Villager (Male) ×5 |
| 1:42 | Create | Villager (Male) ×5 |
| 1:43 | Create | Villager (Male) ×5 |
| 1:46 | Create | Villager (Male) ×5 |
| 1:46 | Create | Villager (Male) ×5 |
| 1:52 | Build | Town Center |
| 2:00 | Create | Villager (Male) ×5 |
| 2:00 | Create | Villager (Male) ×5 |
| 2:01 | Create | Villager (Male) ×5 |
| 2:04 | Create | Villager (Male) ×5 |
| 2:04 | Create | Villager (Male) ×5 |
| 2:05 | Create | Villager (Male) ×5 |
| 2:15 | Build | Market |
| 2:15 | Build | Market |
| 2:16 | Build | Market |
| 2:17 | Build | Market |
| 2:18 | Build | Market |
| 2:18 | Build | Market |
| 2:19 | Build | Market |
| 2:19 | Build | Market |
| 2:20 | Build | Market |
| 2:21 | Build | Market |
| 2:21 | Build | Market |
| 2:22 | Build | Market |
| 2:23 | Build | Market |
| 2:24 | Build | Market |
| 2:24 | Build | Market |
| 2:25 | Build | Market |
| 2:25 | Build | Market |
| 2:26 | Build | Market |
| 2:27 | Build | Market |
| 2:27 | Build | Market |
| 2:31 | Create | Villager (Male) ×5 |
| 2:31 | Create | Villager (Male) ×5 |
| 2:31 | Create | Villager (Male) ×5 |
| 2:38 | Create | Villager (Male) ×5 |
| 2:38 | Create | Villager (Male) ×5 |
| 2:38 | Create | Villager (Male) ×5 |
| 2:46 | Create | Villager (Male) ×5 |
| 2:46 | Create | Villager (Male) ×5 |
| 2:47 | Create | Villager (Male) ×5 |
| 2:55 | Build | Town Center |
| 2:55 | Build | Town Center |
| 2:56 | Build | Town Center |
| 2:57 | Build | Town Center |
| 2:59 | Create | Villager (Male) ×5 |
| 2:59 | Create | Villager (Male) ×5 |
| 3:00 | Create | Villager (Male) ×5 |
| 3:02 | Build | Mining Camp |
| 3:04 | Create | Villager (Male) ×5 |
| 3:04 | Create | Villager (Male) ×5 |
| 3:05 | Create | Villager (Male) ×5 |
| 3:08 | Build | Mill |
| 3:09 | Build | Farm |
| 3:10 | Build | Farm |
| 3:10 | Build | Farm |
| 3:10 | Build | Farm |
| 3:10 | Build | Farm |
| 3:11 | Build | Farm |
| 3:11 | Build | Farm |
| 3:11 | Build | Farm |
| 3:12 | Build | Farm |
| 3:12 | Build | Farm |
| 3:15 | Create | Villager (Male) ×5 |
| 3:15 | Create | Villager (Male) ×5 |
| 3:15 | Create | Villager (Male) ×5 |
| 3:43 | Create | Villager (Male) ×5 |
| 3:43 | Create | Villager (Male) ×5 |
| 3:43 | Create | Villager (Male) ×5 |
| 3:44 | Create | Villager (Male) ×5 |
| 3:44 | Create | Villager (Male) ×5 |
| 3:48 | Create | Villager (Male) ×5 |
| 3:48 | Create | Villager (Male) ×5 |
| 3:58 | Build | Mining Camp |
| 4:01 | Build | Mining Camp |
| 4:03 | Create | Villager (Male) ×5 |
| 4:03 | Create | Villager (Male) ×5 |
| 4:04 | Create | Villager (Male) ×5 |
| 4:04 | Create | Villager (Male) ×5 |
| 4:04 | Create | Villager (Male) ×5 |
| 4:17 | Create | Villager (Male) ×5 |
| 4:18 | Create | Villager (Male) ×5 |
| 4:18 | Create | Villager (Male) ×5 |
| 4:18 | Create | Villager (Male) ×5 |
| 4:21 | Create | Trade Cart ×5 |
| 4:21 | Create | Trade Cart ×4 |
| 4:27 | Build | Lumber Camp |
| 4:28 | Build | Lumber Camp |
| 4:30 | Build | Lumber Camp |
| 4:30 | Build | Lumber Camp |
| 4:33 | Build | Lumber Camp |
| 4:35 | Build | Lumber Camp |
Build order — Ecbert
First 150 of 587 actions detected
| 0:04 | Create | Villager (Male) |
| 0:04 | Create | Villager (Male) |
| 0:04 | Create | Villager (Male) |
| 0:04 | Create | Villager (Male) |
| 0:05 | Create | Villager (Male) |
| 0:15 | Build | Town Center |
| 0:15 | Build | Town Center |
| 0:15 | Build | Town Center |
| 0:16 | Build | Town Center |
| 0:16 | Build | Town Center |
| 0:16 | Build | Town Center |
| 0:17 | Build | Town Center |
| 0:17 | Build | Town Center |
| 0:17 | Build | Town Center |
| 0:17 | Build | Town Center |
| 0:18 | Build | Town Center |
| 0:19 | Build | Town Center |
| 0:19 | Build | Town Center |
| 0:20 | Build | Town Center |
| 0:20 | Build | Town Center |
| 0:20 | Build | Town Center |
| 0:21 | Build | Town Center |
| 0:21 | Build | Town Center |
| 0:22 | Build | Town Center |
| 0:22 | Build | Town Center |
| 0:22 | Build | Town Center |
| 0:23 | Build | Town Center |
| 0:23 | Build | Town Center |
| 0:23 | Build | Town Center |
| 0:24 | Build | Town Center |
| 0:24 | Build | Town Center |
| 0:26 | Build | Town Center |
| 0:27 | Build | Town Center |
| 0:28 | Build | Town Center |
| 0:29 | Build | Town Center |
| 0:29 | Build | Town Center |
| 0:30 | Build | Town Center |
| 0:30 | Build | Town Center |
| 0:30 | Build | Town Center |
| 0:31 | Build | Town Center |
| 0:32 | Build | Town Center |
| 0:33 | Build | Town Center |
| 0:34 | Build | Town Center |
| 0:36 | Build | Town Center |
| 0:45 | Create | Villager (Male) ×5 |
| 0:45 | Create | Villager (Male) ×5 |
| 0:46 | Create | Villager (Male) ×5 |
| 0:46 | Create | Villager (Male) ×5 |
| 0:46 | Create | Villager (Male) ×5 |
| 1:13 | Create | Villager (Male) ×5 |
| 1:13 | Create | Villager (Male) ×5 |
| 1:14 | Create | Villager (Male) ×5 |
| 1:14 | Create | Villager (Male) ×5 |
| 1:14 | Create | Villager (Male) ×5 |
| 1:15 | Create | Villager (Male) ×3 |
| 1:25 | Build | House |
| 1:25 | Build | House |
| 1:25 | Build | House |
| 1:25 | Build | House |
| 1:26 | Build | House |
| 1:26 | Build | House |
| 1:26 | Build | House |
| 1:27 | Build | House |
| 1:27 | Build | House |
| 1:27 | Build | House |
| 1:28 | Build | House |
| 1:28 | Build | House |
| 1:28 | Build | House |
| 1:29 | Build | House |
| 1:46 | Build | House |
| 1:46 | Build | House |
| 1:47 | Build | House |
| 1:47 | Build | House |
| 1:48 | Build | House |
| 1:48 | Build | House |
| 1:49 | Build | House |
| 1:49 | Build | House |
| 1:49 | Build | House |
| 1:51 | Build | House |
| 1:51 | Build | House |
| 1:51 | Build | House |
| 1:52 | Build | House |
| 1:52 | Build | House |
| 1:53 | Build | House |
| 1:54 | Build | House |
| 1:54 | Build | House |
| 1:54 | Build | House |
| 1:56 | Build | House |
| 1:56 | Build | House |
| 1:56 | Build | House |
| 1:59 | Build | House |
| 2:00 | Build | House |
| 2:00 | Build | House |
| 2:01 | Build | House |
| 2:01 | Build | House |
| 2:01 | Build | House |
| 2:02 | Build | House |
| 2:10 | Create | Villager (Male) ×5 |
| 2:10 | Create | Villager (Male) ×5 |
| 2:10 | Create | Villager (Male) ×5 |
| 2:11 | Create | Villager (Male) ×5 |
| 2:11 | Create | Villager (Male) ×5 |
| 2:11 | Create | Villager (Male) ×5 |
| 2:22 | Build | Market |
| 2:22 | Build | Market |
| 2:22 | Build | Market |
| 2:23 | Build | Market |
| 2:23 | Build | Market |
| 2:24 | Build | Market |
| 2:24 | Build | Market |
| 2:24 | Build | Market |
| 2:25 | Build | Market |
| 2:25 | Build | Market |
| 2:25 | Build | Market |
| 2:26 | Build | Market |
| 2:26 | Build | Market |
| 2:26 | Build | Market |
| 2:27 | Build | Market |
| 2:28 | Build | Market |
| 2:29 | Build | Market |
| 2:29 | Build | Market |
| 2:30 | Build | Market |
| 2:30 | Build | Market |
| 2:30 | Build | Market |
| 2:31 | Build | Market |
| 2:40 | Create | Villager (Male) ×5 |
| 2:41 | Create | Villager (Male) ×5 |
| 2:41 | Create | Villager (Male) ×5 |
| 2:41 | Create | Villager (Male) ×5 |
| 2:41 | Create | Villager (Male) ×5 |
| 2:42 | Create | Villager (Male) ×5 |
| 2:42 | Create | Villager (Male) ×5 |
| 2:42 | Create | Villager (Male) ×5 |
| 2:56 | Create | Villager (Male) ×5 |
| 2:56 | Create | Villager (Male) ×5 |
| 2:56 | Create | Villager (Male) ×5 |
| 2:57 | Create | Villager (Male) ×5 |
| 3:49 | Build | Castle |
| 3:50 | Build | Castle |
| 3:51 | Build | Castle |
| 3:53 | Build | Castle |
| 3:55 | Build | Castle |
| 4:02 | Build | Mining Camp |
| 4:05 | Create | Villager (Male) ×5 |
| 4:05 | Create | Villager (Male) ×5 |
| 4:06 | Create | Villager (Male) ×5 |
| 4:06 | Create | Villager (Male) ×5 |
| 4:06 | Create | Villager (Male) ×5 |
| 4:07 | Create | Villager (Male) ×5 |
| 4:07 | Create | Villager (Male) ×5 |
Build order — SmartVessel5507
First 150 of 968 actions detected
| 0:10 | Build | Town Center |
| 0:13 | Build | Town Center |
| 0:17 | Build | Town Center |
| 0:22 | Build | Town Center |
| 0:27 | Build | Town Center |
| 0:32 | Build | Town Center |
| 0:36 | Build | Town Center |
| 0:42 | Create | Villager (Male) ×5 |
| 0:42 | Create | Villager (Male) ×5 |
| 0:42 | Create | Villager (Male) ×5 |
| 0:43 | Create | Villager (Male) ×5 |
| 0:43 | Create | Villager (Male) ×5 |
| 0:43 | Create | Villager (Male) ×5 |
| 0:43 | Create | Villager (Male) ×5 |
| 0:44 | Create | Villager (Male) ×5 |
| 1:19 | Build | House |
| 1:19 | Build | House |
| 1:19 | Build | House |
| 1:20 | Build | House |
| 1:20 | Build | House |
| 1:20 | Build | House |
| 1:21 | Build | House |
| 1:21 | Build | House |
| 1:21 | Build | House |
| 1:22 | Build | House |
| 1:22 | Build | House |
| 1:22 | Build | House |
| 1:23 | Build | House |
| 1:27 | Build | House |
| 1:27 | Build | House |
| 1:27 | Build | House |
| 1:28 | Build | House |
| 1:28 | Build | House |
| 1:28 | Build | House |
| 1:29 | Build | House |
| 1:29 | Build | House |
| 1:29 | Build | House |
| 1:30 | Build | House |
| 1:30 | Build | House |
| 1:30 | Build | House |
| 1:31 | Build | House |
| 1:31 | Build | House |
| 1:31 | Build | House |
| 1:40 | Create | Villager (Male) ×5 |
| 1:41 | Create | Villager (Male) ×5 |
| 1:41 | Create | Villager (Male) ×5 |
| 1:41 | Create | Villager (Male) ×5 |
| 1:42 | Create | Villager (Male) ×5 |
| 1:42 | Create | Villager (Male) ×5 |
| 1:43 | Create | Villager (Male) ×5 |
| 1:43 | Create | Villager (Male) ×5 |
| 1:43 | Create | Villager (Male) ×5 |
| 1:44 | Create | Villager (Male) ×5 |
| 1:44 | Create | Villager (Male) ×5 |
| 1:59 | Build | Market |
| 2:00 | Build | Market |
| 2:01 | Build | Market |
| 2:30 | Build | Market |
| 2:31 | Build | Market |
| 2:31 | Build | Market |
| 2:32 | Build | Market |
| 2:33 | Build | Market |
| 2:36 | Build | Market |
| 2:40 | Build | Market |
| 2:51 | Create | Villager (Male) ×5 |
| 2:51 | Create | Villager (Male) ×5 |
| 2:51 | Create | Villager (Male) ×5 |
| 2:52 | Create | Villager (Male) ×5 |
| 2:52 | Create | Villager (Male) ×5 |
| 2:52 | Create | Villager (Male) ×5 |
| 2:52 | Create | Villager (Male) ×5 |
| 2:53 | Create | Villager (Male) ×5 |
| 2:53 | Create | Villager (Male) ×5 |
| 2:53 | Create | Villager (Male) ×5 |
| 3:09 | Build | Town Center |
| 3:21 | Build | Outpost |
| 3:23 | Build | Outpost |
| 3:24 | Build | Outpost |
| 3:28 | Build | Outpost |
| 3:30 | Build | Outpost |
| 3:33 | Build | Outpost |
| 3:36 | Build | Outpost |
| 3:37 | Build | Outpost |
| 3:40 | Build | Outpost |
| 3:42 | Build | Outpost |
| 3:46 | Build | Outpost |
| 3:47 | Build | Outpost |
| 3:48 | Build | Outpost |
| 3:52 | Build | Outpost |
| 3:53 | Build | Outpost |
| 3:57 | Build | Outpost |
| 3:58 | Build | Outpost |
| 4:00 | Build | Outpost |
| 4:03 | Build | Outpost |
| 4:06 | Build | Outpost |
| 4:11 | Build | Outpost |
| 4:13 | Build | Outpost |
| 4:32 | Build | Castle |
| 4:33 | Build | Castle |
| 4:34 | Build | Castle |
| 4:35 | Build | Castle |
| 4:36 | Build | Castle |
| 4:37 | Build | Castle |
| 4:48 | Create | Villager (Male) ×5 |
| 4:48 | Create | Villager (Male) ×5 |
| 4:48 | Create | Villager (Male) ×5 |
| 4:49 | Create | Villager (Male) ×5 |
| 4:49 | Create | Villager (Male) ×5 |
| 4:49 | Create | Villager (Male) ×5 |
| 4:49 | Create | Villager (Male) ×5 |
| 5:10 | Create | Trade Cart ×5 |
| 5:10 | Create | Trade Cart ×5 |
| 5:11 | Create | Trade Cart ×5 |
| 5:11 | Create | Trade Cart ×5 |
| 5:11 | Create | Trade Cart ×5 |
| 5:12 | Create | Trade Cart ×5 |
| 5:12 | Create | Trade Cart ×5 |
| 5:15 | Create | Trade Cart ×5 |
| 5:16 | Create | Trade Cart ×5 |
| 5:18 | Create | Trade Cart ×5 |
| 5:30 | Build | Farm |
| 5:31 | Build | Farm |
| 5:38 | Build | Farm |
| 5:38 | Build | Farm |
| 5:39 | Build | Farm |
| 5:39 | Build | Farm |
| 5:39 | Build | Farm |
| 5:40 | Build | Farm |
| 5:40 | Build | Farm |
| 5:41 | Build | Farm |
| 5:41 | Build | Farm |
| 5:41 | Build | Farm |
| 5:42 | Build | Farm |
| 5:42 | Build | Farm |
| 6:12 | Build | Stable |
| 6:13 | Build | Stable |
| 6:13 | Build | Stable |
| 6:14 | Build | Stable |
| 6:14 | Build | Stable |
| 6:15 | Build | Stable |
| 6:15 | Build | Stable |
| 6:15 | Build | Stable |
| 6:16 | Build | Stable |
| 6:16 | Build | Stable |
| 6:16 | Build | Stable |
| 6:17 | Build | Stable |
| 6:17 | Build | Stable |
| 6:17 | Build | Stable |
| 6:18 | Build | Stable |
| 6:18 | Build | Stable |
Build order — THE SCORPION KING
First 150 of 1245 actions detected
| 0:04 | Create | Villager (Male) ×5 |
| 0:04 | Create | Villager (Male) ×5 |
| 0:04 | Create | Villager (Male) ×5 |
| 0:05 | Create | Villager (Male) ×5 |
| 0:05 | Create | Villager (Male) ×5 |
| 0:09 | Build | Town Center |
| 0:09 | Build | Town Center |
| 0:10 | Build | Town Center |
| 0:10 | Build | Town Center |
| 0:11 | Build | Town Center |
| 0:12 | Build | Town Center |
| 0:12 | Build | Town Center |
| 0:12 | Build | Town Center |
| 0:13 | Build | Town Center |
| 0:13 | Build | Town Center |
| 0:13 | Build | Town Center |
| 0:15 | Build | Town Center |
| 0:15 | Build | Town Center |
| 0:16 | Build | Town Center |
| 0:16 | Build | Town Center |
| 0:17 | Build | Town Center |
| 0:18 | Build | Town Center |
| 0:18 | Build | Town Center |
| 0:42 | Build | House |
| 0:44 | Build | House |
| 0:44 | Build | House |
| 0:45 | Build | House |
| 0:45 | Build | House |
| 0:46 | Build | House |
| 0:46 | Build | House |
| 0:47 | Build | House |
| 0:47 | Build | House |
| 0:47 | Build | House |
| 0:48 | Build | House |
| 0:48 | Build | House |
| 0:49 | Build | House |
| 0:49 | Build | House |
| 0:50 | Build | House |
| 0:50 | Build | House |
| 0:51 | Build | House |
| 0:51 | Build | House |
| 0:51 | Build | House |
| 0:52 | Build | House |
| 0:53 | Build | House |
| 0:53 | Build | House |
| 0:53 | Build | House |
| 0:54 | Build | House |
| 0:54 | Build | House |
| 0:54 | Build | House |
| 0:56 | Build | House |
| 0:56 | Build | House |
| 0:57 | Build | House |
| 1:16 | Build | Market |
| 1:16 | Build | Market |
| 1:16 | Build | Market |
| 1:16 | Build | Market |
| 1:18 | Build | Market |
| 1:18 | Build | Market |
| 1:19 | Build | Market |
| 1:19 | Build | Market |
| 1:20 | Build | Market |
| 1:21 | Build | Market |
| 1:22 | Build | Market |
| 1:22 | Build | Market |
| 1:22 | Build | Market |
| 1:23 | Build | Market |
| 1:24 | Build | Market |
| 1:25 | Build | Market |
| 1:26 | Build | Market |
| 1:26 | Build | Market |
| 1:27 | Build | Market |
| 1:28 | Build | Market |
| 1:56 | Create | Villager (Male) ×5 |
| 1:56 | Create | Villager (Male) ×5 |
| 1:57 | Create | Villager (Male) ×5 |
| 1:57 | Create | Villager (Male) ×5 |
| 1:57 | Create | Villager (Male) ×5 |
| 1:57 | Create | Villager (Male) ×5 |
| 1:57 | Create | Villager (Male) ×5 |
| 1:58 | Create | Villager (Male) ×5 |
| 1:58 | Create | Villager (Male) ×5 |
| 1:58 | Create | Villager (Male) ×5 |
| 1:59 | Create | Villager (Male) ×5 |
| 1:59 | Create | Villager (Male) ×5 |
| 1:59 | Create | Villager (Male) ×5 |
| 1:59 | Create | Villager (Male) ×5 |
| 2:00 | Create | Villager (Male) ×5 |
| 2:00 | Create | Villager (Male) ×5 |
| 2:00 | Create | Villager (Male) ×5 |
| 2:01 | Create | Villager (Male) ×5 |
| 2:01 | Create | Villager (Male) ×5 |
| 2:01 | Create | Villager (Male) ×4 |
| 2:01 | Create | Villager (Male) ×4 |
| 2:18 | Create | Villager (Male) ×5 |
| 2:18 | Create | Villager (Male) ×5 |
| 2:18 | Create | Villager (Male) ×5 |
| 2:18 | Create | Villager (Male) ×5 |
| 2:19 | Create | Villager (Male) ×5 |
| 2:33 | Build | Town Center |
| 2:33 | Build | Town Center |
| 2:33 | Build | Town Center |
| 2:34 | Build | Town Center |
| 2:35 | Build | Town Center |
| 2:49 | Build | Stable |
| 2:51 | Build | Stable |
| 2:54 | Build | Stable |
| 2:56 | Build | Stable |
| 2:59 | Build | Stable |
| 3:01 | Build | Stable |
| 3:04 | Build | Stable |
| 3:07 | Build | Stable |
| 3:10 | Build | Stable |
| 3:13 | Build | Stable |
| 3:15 | Build | Stable |
| 3:18 | Build | Stable |
| 3:21 | Build | Stable |
| 3:25 | Build | Stable |
| 3:28 | Build | Stable |
| 3:31 | Build | Stable |
| 3:33 | Build | Stable |
| 3:57 | Build | Farm |
| 3:57 | Build | Farm |
| 3:57 | Build | Farm |
| 3:58 | Build | Farm |
| 3:58 | Build | Farm |
| 3:58 | Build | Farm |
| 3:58 | Build | Farm |
| 3:59 | Build | Farm |
| 3:59 | Build | Farm |
| 3:59 | Build | Farm |
| 3:59 | Build | Farm |
| 4:00 | Build | Farm |
| 4:00 | Build | Farm |
| 4:00 | Build | Farm |
| 4:00 | Build | Farm |
| 4:01 | Build | Farm |
| 4:01 | Build | Farm |
| 4:01 | Build | Farm |
| 4:02 | Build | Farm |
| 4:02 | Build | Farm |
| 4:02 | Build | Farm |
| 4:03 | Build | Farm |
| 4:03 | Build | Farm |
| 4:03 | Build | Farm |
| 4:03 | Build | Farm |
| 4:04 | Build | Farm |
| 4:04 | Build | Farm |
| 4:04 | Build | Farm |
| 4:05 | Build | Farm |
| 4:05 | Build | Farm |
Build order — Athena
First 150 of 2060 actions detected
| 0:15 | Build | Town Center |
| 0:18 | Build | Town Center |
| 0:23 | Build | Town Center |
| 0:27 | Build | Town Center |
| 0:32 | Build | Town Center |
| 0:37 | Build | Town Center |
| 0:39 | Build | Town Center |
| 0:49 | Build | Town Center |
| 1:02 | Build | Market |
| 1:04 | Build | Market |
| 1:07 | Build | Market |
| 1:11 | Build | Market |
| 1:13 | Build | Market |
| 1:19 | Build | Castle |
| 1:24 | Build | Castle |
| 1:30 | Create | Villager (Male) |
| 1:30 | Create | Villager (Male) |
| 1:30 | Create | Villager (Male) |
| 1:31 | Create | Villager (Male) |
| 1:31 | Create | Villager (Male) |
| 1:31 | Create | Villager (Male) |
| 1:31 | Create | Villager (Male) |
| 1:32 | Create | Villager (Male) |
| 1:32 | Create | Villager (Male) |
| 1:32 | Create | Villager (Male) |
| 1:33 | Create | Villager (Male) |
| 1:33 | Create | Villager (Male) |
| 1:33 | Create | Villager (Male) |
| 1:33 | Create | Villager (Male) |
| 1:34 | Create | Villager (Male) |
| 1:34 | Create | Villager (Male) |
| 1:34 | Create | Villager (Male) |
| 1:34 | Create | Villager (Male) |
| 1:35 | Create | Villager (Male) |
| 1:35 | Create | Villager (Male) |
| 1:35 | Create | Villager (Male) |
| 1:36 | Create | Villager (Male) |
| 1:36 | Create | Villager (Male) |
| 1:36 | Create | Villager (Male) |
| 1:36 | Create | Villager (Male) |
| 1:37 | Create | Villager (Male) |
| 1:37 | Create | Villager (Male) |
| 1:37 | Create | Villager (Male) |
| 1:37 | Create | Villager (Male) |
| 1:38 | Create | Villager (Male) |
| 1:38 | Create | Villager (Male) |
| 1:38 | Create | Villager (Male) |
| 1:39 | Create | Villager (Male) |
| 1:39 | Create | Villager (Male) |
| 1:39 | Create | Villager (Male) |
| 1:39 | Create | Villager (Male) |
| 1:40 | Create | Villager (Male) |
| 1:40 | Create | Villager (Male) |
| 1:40 | Create | Villager (Male) |
| 1:40 | Create | Villager (Male) |
| 1:41 | Create | Villager (Male) |
| 1:41 | Create | Villager (Male) |
| 1:41 | Create | Villager (Male) |
| 1:41 | Create | Villager (Male) |
| 1:42 | Create | Villager (Male) |
| 1:42 | Create | Villager (Male) |
| 1:42 | Create | Villager (Male) |
| 1:43 | Create | Villager (Male) |
| 2:01 | Build | House |
| 2:02 | Build | House |
| 2:03 | Build | House |
| 2:05 | Build | House |
| 2:06 | Build | House |
| 2:09 | Build | House |
| 2:11 | Build | House |
| 2:12 | Build | House |
| 2:13 | Build | House |
| 2:15 | Build | House |
| 2:17 | Build | House |
| 2:18 | Build | House |
| 2:19 | Build | House |
| 2:21 | Build | House |
| 2:23 | Build | House |
| 2:24 | Build | House |
| 2:26 | Build | House |
| 2:34 | Build | Farm |
| 2:36 | Build | Farm |
| 2:38 | Build | Farm |
| 2:39 | Build | Farm |
| 2:40 | Build | Farm |
| 2:42 | Build | Farm |
| 2:43 | Build | Farm |
| 2:45 | Build | Farm |
| 2:54 | Build | Castle |
| 2:59 | Build | Castle |
| 3:04 | Build | Castle |
| 3:15 | Create | Villager (Male) |
| 3:15 | Create | Villager (Male) |
| 3:16 | Create | Villager (Male) |
| 3:16 | Create | Villager (Male) |
| 3:16 | Create | Villager (Male) |
| 3:16 | Create | Villager (Male) |
| 3:17 | Create | Villager (Male) |
| 3:17 | Create | Villager (Male) |
| 3:17 | Create | Villager (Male) |
| 3:17 | Create | Villager (Male) |
| 3:18 | Create | Villager (Male) |
| 3:18 | Create | Villager (Male) |
| 3:18 | Create | Villager (Male) |
| 3:19 | Create | Villager (Male) |
| 3:19 | Create | Villager (Male) |
| 3:19 | Create | Villager (Male) |
| 3:19 | Create | Villager (Male) |
| 3:20 | Create | Villager (Male) |
| 3:20 | Create | Villager (Male) |
| 3:20 | Create | Villager (Male) |
| 3:21 | Create | Villager (Male) |
| 3:21 | Create | Villager (Male) |
| 3:21 | Create | Villager (Male) |
| 3:21 | Create | Villager (Male) |
| 3:22 | Create | Villager (Male) |
| 3:22 | Create | Villager (Male) |
| 3:22 | Create | Villager (Male) |
| 3:23 | Create | Villager (Male) |
| 3:23 | Create | Villager (Male) |
| 3:23 | Create | Villager (Male) |
| 3:23 | Create | Villager (Male) |
| 3:24 | Create | Villager (Male) |
| 3:31 | Create | Villager (Male) |
| 3:32 | Create | Villager (Male) |
| 3:32 | Create | Villager (Male) |
| 3:32 | Create | Villager (Male) |
| 3:32 | Create | Villager (Male) |
| 3:33 | Create | Villager (Male) |
| 3:33 | Create | Villager (Male) |
| 3:33 | Create | Villager (Male) |
| 3:33 | Create | Villager (Male) |
| 3:34 | Create | Villager (Male) |
| 3:34 | Create | Villager (Male) |
| 3:34 | Create | Villager (Male) |
| 3:35 | Create | Villager (Male) |
| 3:35 | Create | Villager (Male) |
| 3:35 | Create | Villager (Male) |
| 3:35 | Create | Villager (Male) |
| 3:36 | Create | Villager (Male) |
| 3:39 | Create | Trade Cart |
| 3:39 | Create | Trade Cart |
| 3:39 | Create | Trade Cart |
| 3:39 | Create | Trade Cart |
| 3:40 | Create | Trade Cart |
| 3:40 | Create | Trade Cart |
| 3:40 | Create | Trade Cart |
| 3:41 | Create | Trade Cart |
| 3:42 | Create | Trade Cart |
| 3:42 | Create | Trade Cart |
Match timeline
| 0:14 | rabuegia · first_market_buy 500 stone |
| 1:19 | Athena · first_building Castle |
| 2:49 | THE SCORPION KING · first_building Stable |
| 3:49 | Ecbert · first_building Castle |
| 4:32 | SmartVessel5507 · first_building Castle |
| 4:54 | IsaacNewton · wall_segment Stone Wall x69 |
| 5:33 | THE SCORPION KING · first_market_buy 100 wood |
| 5:51 | THE SCORPION KING · first_market_sell 100 stone |
| 6:12 | SmartVessel5507 · first_building Stable |
| 6:22 | IsaacNewton · first_building Siege Workshop |
| 7:46 | IsaacNewton · wall_segment Stone Wall x65 |
| 8:10 | IsaacNewton · first_building Castle |
| 8:28 | THE SCORPION KING · first_building Siege Workshop |
| 8:55 | SmartVessel5507 · first_building Monastery |
| 9:06 | mark.adverai · wall_segment Stone Wall x57 |
| 9:07 | Fosfor · wall_segment Stone Wall x68 |
| 9:07 | Fosfor · wall_segment Stone Wall x2 |
| 9:09 | Fosfor · wall_segment Stone Wall x5 |
| 9:11 | mark.adverai · wall_segment Stone Wall x14 |
| 9:22 | Athena · first_building Siege Workshop |
| 9:51 | Ecbert · wall_segment Stone Wall x50 |
| 9:59 | Ecbert · wall_segment Stone Wall x10 |
| 10:01 | IsaacNewton · first_building Barracks |
| 10:02 | Ecbert · wall_segment Stone Wall x2 |
| 10:06 | rabuegia · first_building Siege Workshop |
| 10:23 | rabuegia · first_building Archery Range |
| 10:35 | mark.adverai · first_building Siege Workshop |
| 12:23 | rabuegia · first_building Castle |
| 12:48 | rabuegia · first_building Stable |
| 12:51 | Fosfor · first_building Barracks |
| 12:53 | Fosfor · first_building Siege Workshop |
| 13:00 | Fosfor · first_building Krepost |
| 13:04 | Fosfor · wall_segment Stone Wall x2 |
| 13:08 | Ecbert · first_building Siege Workshop |
| 13:09 | Fosfor · wall_segment Stone Wall x78 |
| 13:10 | Fosfor · wall_segment Stone Wall x2 |
| 13:15 | rabuegia · wall_segment Stone Wall x29 |
| 13:26 | rabuegia · wall_segment Stone Wall x17 |
| 13:30 | rabuegia · wall_segment Stone Wall x15 |
| 13:54 | rabuegia · first_building Barracks |
| 14:05 | Fosfor · first_market_buy 100 stone |
| 15:24 | mark.adverai · wall_segment Stone Wall x23 |
| 15:36 | IsaacNewton · first_building Archery Range |
| 15:45 | Ecbert · wall_segment Stone Wall x9 |
| 15:51 | Ecbert · first_building Stable |
| 16:06 | rabuegia · wall_segment Stone Wall x74 |
| 16:31 | Athena · first_building Stable |
| 17:34 | Fosfor · wall_segment Stone Wall x69 |
| 18:05 | rabuegia · wall_segment Stone Wall x2 |
| 18:17 | rabuegia · wall_segment Stone Wall x44 |
| 18:28 | rabuegia · wall_segment Stone Wall x23 |
| 18:29 | Fosfor · wall_segment Stone Wall x13 |
| 19:45 | Ecbert · wall_segment Stone Wall x57 |
| 20:12 | mark.adverai · first_building Castle |
| 20:12 | Ecbert · wall_segment Stone Wall x21 |
| 20:20 | rabuegia · wall_segment Stone Wall x21 |
| 20:30 | rabuegia · wall_segment Stone Wall x14 |
| 20:52 | Athena · first_building Archery Range |
| 21:05 | rabuegia · wall_segment Stone Wall x10 |
| 22:28 | SmartVessel5507 · first_building Siege Workshop |
| 22:43 | mark.adverai · wall_segment Stone Wall x54 |
| 25:11 | IsaacNewton · resign |
| 37:50 | mark.adverai · first_building Barracks |
[ AI ANALYSIS · 1 CREDIT ]
What really happened in this match?
Wolo.gg analyzes every decision: build order, eco, micro, common mistakes by bracket. Personalized analysis on WhatsApp or Discord in 30 seconds.
Civ guide
Celts
Map guide
Michi
Perfil
Jugador #4124521